 Dungeon Crawl Stone Soup version 0.30.1-5-ged363bc7ee (webtiles) character file.

Game seed: 16186999553678836960

23191 Wiggles the Severer (level 12, -3/112 HPs)
             Began as a Minotaur Berserker on Sept 19, 2023.
             Was a High Priest of Trog.
             Killed from afar by a swamp worm (12 damage)
             ... with a harpoon shot
             ... on level 2 of the Lair of Beasts.
             The game lasted 00:20:14 (10338 turns).

Wiggles the Severer (Minotaur Berserker)           Turns: 10338, Time: 00:20:15

Health: -3/112     AC: 20    Str: 27    XL:     12   Next: 69%
Magic:  11/11      EV:  9    Int:  4    God:    Trog [*****.]
Gold:   931        SH:  0    Dex: 10    Spells: 11/11 levels left

rFire   . . .        y - +1 battleaxe
rCold   . . .        (shield currently unavailable)
rNeg    + . .        A - +0 plate armour
rPois   .            (helmet restricted)
rElec   .            s - +1 cloak {Stlth+}
rCorr   .            (no gloves)
SInv    +            t - +1 pair of boots
Will    .....        c - amulet of regeneration Stlth
                     i - ring of see invisible
HPRegen 1.18/turn    B - ring of positive energy
MPRegen 0.12/turn

%: no passive effects
@: no status effects
A: horns 2, retaliatory headbutt
a: Renounce Religion, Berserk, Trog's Hand, Brothers in Arms


You were on level 2 of the Lair of Beasts.
You worshipped Trog.
Trog was extremely pleased with you.
You visited 2 branches of the dungeon, and saw 14 of its levels.

You collected 931 gold pieces.

Inventory:

Hand Weapons
 y - a +1 battleaxe (weapon)
Armour
 s - a +1 cloak of stealth (worn)
 t - a +1 pair of boots (worn)
 A - a +0 plate armour (worn)
Jewellery
 b - an amulet of faith
 c - an amulet of regeneration (around neck)
 g - an amulet of reflection
 i - a ring of see invisible (left hand)
 k - an amulet of guardian spirit
 v - a +6 ring of strength
 B - a ring of positive energy (right hand)
 H - a ring of poison resistance
 I - a +4 ring of protection
 L - the amulet "Zipsuali" {Reflect Will+ rCorr SH+5 Stlth+}
   (You found it on level 1 of the Lair of Beasts)

   [amulet of reflection]

   It reflects blocked missile attacks.
   rCorr:     It protects you from acid and corrosion.
   SH:        It affects your SH (+5).
   Will:      It increases your willpower.
   Stlth:     It makes you more stealthy.
 M - a ring of flight
Wands
 a - a wand of digging (5)
 d - a wand of mindburst (14)
 n - a wand of flame (38)
 x - a wand of iceblast (12)
Scrolls
 h - 7 scrolls of teleportation
 D - 2 scrolls of fog
 G - 2 scrolls of blinking
Potions
 f - a potion of ambrosia
 l - 3 potions of lignification
 m - 4 potions of curing
 o - 3 potions of flight
 u - 7 potions of heal wounds
 w - 2 potions of mutation
 z - 2 potions of resistance
 C - a potion of cancellation
 E - a potion of magic
 F - a potion of degeneration {unknown}
 J - a potion of might {unknown}


   Skills:
 + Level 11.8 Fighting
 + Level 18.3 Axes
 + Level 12.5 Armour
 + Level 5.5 Dodging
 + Level 1.2 Stealth
 + Level 2.4 Shields
 + Level 0.8 Evocations


You had 11 spell levels left.
You didn't know any spells.
Your spell library was empty.

Dungeon Overview and Level Annotations

Branches:
Dungeon (11/15)            Temple (0/1) D:7            Lair (3/5) D:8
    Orc (0/2) D:10
  Swamp: Lair:2-3    Shoals: Lair:2-3     Snake: Lair:2-3    Spider: Lair:2-3

Altars:
Dithmenos
Elyvilon
Gozag
Hepliaklqana
Makhleb
Nemelex Xobeh
Okawaru
Uskayaw
Vehumet
Yredelemnul


Innate Abilities, Weirdness & Mutations

You have a pair of horns on your head.
You reflexively headbutt those who attack you in melee.


Message History

You slice the swamp worm!!
You kill the swamp worm!
Trog accepts your kill.
A swamp worm comes into view.
A swamp worm comes into view.
The swamp worm fires a harpoon shot at you.
The harpoon shot hits you!
You are yanked forward by the harpoon shot.
You violently stop moving!
An electric eel comes into view.
The electric eel shoots out a bolt of lightning at you!
The bolt of electricity hits you! The swamp worm bites you!
* * * LOW HITPOINT WARNING * * *
The swamp worm fires a harpoon shot at you.
The harpoon shot hits you but does no damage.
The electric eel shoots out a bolt of lightning at you!
The bolt of electricity hits you!
* * * LOW HITPOINT WARNING * * *
The swamp worm bites you.
* * * LOW HITPOINT WARNING * * *
The swamp worm barely misses you.
Your ogre goes berserk!
The swamp worm barely misses you. You furiously retaliate!
You headbutt the swamp worm! The swamp worm bites you.
* * * LOW HITPOINT WARNING * * *
The swamp worm bites you but does no damage.
The swamp worm fires a harpoon shot at you.
The harpoon shot hits you but does no damage.
The electric eel shoots out a bolt of lightning at you!
The bolt of electricity hits you!
* * * LOW HITPOINT WARNING * * *
The swamp worm bites you but does no damage.
The swamp worm fires a harpoon shot at you.
The harpoon shot hits you but does no damage.
The swamp worm attacks as you move away!
The swamp worm bites you but does no damage.
The swamp worm bites your ogre!
Your ogre misses the swamp worm.
The swamp worm fires a harpoon shot at you.
The harpoon shot hits you!
You die...

#..)## ####### ## #....#
##### # ##.#.## #.#.###
######...### ##......
#..........###. #P).....
#.............. ♣P......
#..........♣♣♣♣♣♣♣♣♣♣♣♣
♣♣♣.<...
#........♣♣♣†≈≈~≈~≈~~≈♣
♣♣....
#.......⌠...♣...@.wO..♣
♣.).[
#.......⌠...........w...§.≈
♣....
##.......♣♣♣~~~♣≈♣~~~~≈♣S~~
♣.... #........
♣♣♣♣♣♣♣♣♣♣♣♣♣ ♣♣.....
####..##. ##.... ### #
#####


You could see 2 swamp worms and a friendly ogre (summoned, berserk).

Vanquished Creatures
  A hydra (Lair:2)
  A catoblepas (Lair:2)
  Erolcha (D:9)
  A boulder beetle (Lair:2)
  5 death yaks (Lair:2)
  Amaemon (D:10)
  A bog body (Lair:2)
  A manticore (D:11)
  Joseph (Lair:1)
  2 black mambas
  Maggie (D:8)
  An orange demon (D:10)
  Psyche (D:9)
  2 cane toads
  2 komodo dragons (Lair:2)
  A polar bear (Lair:1)
  Prince Ribbit (D:8)
  A hornet (D:10)
  8 blink frogs (Lair:1)
  A shadow (D:11)
  A wyvern (Lair:2)
  3 wraiths (D:9)
  34 yaks
  A steam dragon (D:9)
  2 swamp worms (Lair:2)
  5 vampire mosquitoes
  6 water moccasins
  An acid dragon (D:9)
  5 orc warriors
  2 sky beasts
  A black bear (D:4)
  2 ice beasts
  5 centaurs
  4 ogres
  3 kobold brigands
  7 bullfrogs
  2 scorpions
  4 wights (D:9)
  4 howler monkeys
  An electric eel (D:7)
  2 hounds
  7 orc priests
  Crazy Yiuf (D:5)
  A jelly (D:6)
  A gnoll bouda (D:4)
  2 iguanas
  20 orc wizards
  8 adders
  A white imp (D:3)
  An ufetubus (D:4)
  3 worms
  2 dart slugs
  55 orcs
  6 ball pythons
  5 endoplasms
  6 giant cockroaches
  6 hobgoblins
  4 jackals (D:4)
  29 kobolds
  4 quokkas
  7 bats
  3 frilled lizards
  5 goblins
  7 rats
313 creatures vanquished.

Vanquished Creatures (collateral kills)
  2 blink frogs (Lair:1)
  7 orcs (D:10)
9 creatures vanquished.

Vanquished Creatures (others)
  An orc wizard (D:5)
1 creature vanquished.

Grand Total: 323 creatures vanquished

Notes
Turn   | Place    | Note
-------+----------+-------------------------------------------
     0 | D:1      | Wiggles the Minotaur Berserker began the quest for the Orb.
     0 | D:1      | Reached XP level 1. HP: 19/19 MP: 0/0
    98 | D:1      | Reached XP level 2. HP: 18/27 MP: 1/1
   135 | D:1      | Reached skill level 4 in Axes
   412 | D:1      | Found a faded altar of an unknown god.
   535 | D:1      | Reached ** piety under Trog
   536 | D:1      | Reached XP level 3. HP: 33/33 MP: 2/2
  1263 | D:3      | Reached XP level 4. HP: 41/41 MP: 3/3
  1271 | D:3      | Reached skill level 5 in Axes
  1351 | D:3      | Reached XP level 5. HP: 43/47 MP: 4/4
  1378 | D:3      | Found a hide-covered altar of Uskayaw.
  1378 | D:3      | Noticed a +0 dagger
  1378 | D:3      | Noticed a +0 falchion
  1378 | D:3      | Noticed a +0 short sword
  1379 | D:3      | Noticed a +0 dagger
  1380 | D:3      | Noticed a +0 short sword
  1380 | D:3      | Noticed a +0 spear
  1381 | D:3      | Noticed a +0 falchion
  1382 | D:3      | Noticed a +0 spear
  1456 | D:3      | Identified the staff of earth "Yquts" {rPois rF- Int+4}
  1738 | D:4      | Noticed an ogre
  1744 | D:4      | Killed an ogre
  1745 | D:4      | Reached skill level 6 in Axes
  1745 | D:4      | Reached XP level 6. HP: 55/55 MP: 5/5
  1764 | D:4      | Reached *** piety under Trog
  2005 | D:4      | Reached skill level 5 in Fighting
  2028 | D:4      | Reached skill level 7 in Axes
  2028 | D:4      | Reached XP level 7. HP: 61/61 MP: 6/6
  2224 | D:4      | Identified the +3 short sword of the Unkillable {pain,
                  | rPois Int+2 Dex+2}
  2234 | D:4      | Noticed a yak
  2241 | D:4      | Reached skill level 1 in Shields
  2284 | D:4      | Killed a yak
  2285 | D:4      | Reached skill level 8 in Axes
  2285 | D:4      | Reached skill level 5 in Armour
  2679 | D:5      | Entered Level 5 of the Dungeon
  2728 | D:5      | HP: 3/61 [ogre/+0 giant spiked club (12)]
  2733 | D:5      | Reached XP level 8. HP: 13/69 MP: 7/7
  2783 | D:5      | Found a shadowy altar of Dithmenos.
  2886 | D:5      | Found an opulent altar of Gozag.
  2924 | D:5      | Reached **** piety under Trog
  3097 | D:5      | Found a radiant altar of Vehumet.
  3165 | D:5      | Reached skill level 9 in Axes
  3195 | D:5      | Found a runed translucent door.
  3196 | D:5      | Noticed Crazy Yiuf
  3201 | D:5      | Killed Crazy Yiuf
  3728 | D:6      | Reached skill level 1 in Stealth
  3770 | D:6      | Found an iron altar of Okawaru.
  4285 | D:6      | Found a hazy altar of Hepliaklqana.
  4422 | D:7      | Found a burning altar of Makhleb.
  4498 | D:7      | Reached skill level 10 in Axes
  4498 | D:7      | Reached XP level 9. HP: 64/75 MP: 8/8
  4952 | D:7      | Found a staircase to the Ecumenical Temple.
  5221 | D:8      | Reached skill level 11 in Axes
  5306 | D:8      | Found a staircase to the Lair.
  5353 | D:8      | Reached ***** piety under Trog
  5357 | D:8      | Reached skill level 12 in Axes
  5568 | D:8      | Noticed Maggie
  5575 | D:8      | Killed Maggie
  5619 | D:8      | Found a white marble altar of Elyvilon.
  5652 | D:8      | Reached XP level 10. HP: 59/86 MP: 9/9
  5832 | D:8      | Found a basalt altar of Yredelemnul.
  6095 | D:8      | Noticed Prince Ribbit
  6118 | D:8      | Killed Prince Ribbit
  6119 | D:8      | Reached skill level 13 in Axes
  6119 | D:8      | Reached skill level 5 in Dodging
  6238 | D:9      | Noticed Psyche
  6246 | D:9      | Killed Psyche
  6500 | D:9      | Noticed Erolcha
  6514 | D:9      | Killed Erolcha
  6515 | D:9      | Reached skill level 14 in Axes
  7151 | D:10     | Entered Level 10 of the Dungeon
  7168 | D:10     | Noticed Amaemon
  7168 | D:10     | Noticed an orange demon
  7186 | D:10     | Killed Amaemon
  7195 | D:10     | Killed an orange demon
  7196 | D:10     | Reached skill level 10 in Armour
  7322 | D:10     | Reached XP level 11. HP: 97/97 MP: 10/10
  7343 | D:10     | Found a sparkling altar of Nemelex Xobeh.
  7366 | D:10     | Reached skill level 15 in Axes
  7768 | D:10     | Found a staircase to the Orcish Mines.
  8895 | Lair:1   | Entered Level 1 of the Lair of Beasts
  8901 | Lair:1   | Reached skill level 10 in Fighting
  9066 | Lair:1   | Identified the +4 ring mail "Zuwop" {rCorr}
  9080 | Lair:1   | Noticed Joseph
  9088 | Lair:1   | Reached skill level 16 in Axes
  9097 | Lair:1   | Killed Joseph
  9282 | Lair:1   | Identified the amulet "Zipsuali" {Reflect Will+ rCorr SH+5
                  | Stlth+}
  9378 | Lair:1   | Reached XP level 12. HP: 95/108 MP: 11/11
  9843 | Lair:2   | Noticed a death yak
  9843 | Lair:2   | Noticed a death yak
  9844 | Lair:2   | Noticed a death yak
  9844 | Lair:2   | Noticed a death yak
  9844 | Lair:2   | Noticed a death yak
  9854 | Lair:2   | Killed a death yak
  9856 | Lair:2   | Killed a death yak
  9857 | Lair:2   | Reached skill level 17 in Axes
  9861 | Lair:2   | Killed a death yak
  9863 | Lair:2   | Killed a death yak
  9866 | Lair:2   | Killed a death yak
  9927 | Lair:2   | Noticed a catoblepas
  9938 | Lair:2   | Killed a catoblepas
 10028 | Lair:2   | You fall into a shaft and drop 1 floor!
 10068 | Lair:2   | Noticed a boulder beetle
 10083 | Lair:2   | Killed a boulder beetle
 10151 | Lair:2   | Noticed an eight-headed hydra
 10164 | Lair:2   | Killed a ten-headed hydra
 10165 | Lair:2   | Reached skill level 18 in Axes
 10338 | Lair:2   | Killed from afar by a swamp worm

Illustrated notes

Levels and vault maps discovered:
D:1:      erik_arrival_blinker_ship, layout_basic, serial_forest,
          infiniplex_forest_straight_5, infiniplex_forest_diagonal,
          infiniplex_forest_lined_3, infiniplex_forest_straight_1,
          infiniplex_forest_lined_4_way, infiniplex_forest_end_1,
          hellmonk_ecumenical_altar_heavens_door, minmay_tall_x
D:2:      layout_basic
D:3:      kennysheep_big_flooded_room, layout_rooms, nicolae_uskayaw_en_pointe,
          minmay_checkerbox
D:4:      minmay_chambers_of_fours, layout_loops_ring, minivault_24
D:5:      layout_loops_ring, vehumet_altar_wand_db,
          mainiacjoe_overflow_alcove_2, mainiacjoe_overflow_cross_hatched,
          uniq_crazy_yiuf_cottage
D:6:      layout_loops_corners, worldfamousw_hep_ancestral_shrine,
          nicolae_overflow_crystal_walls, minmay_misc_feat_four_crosses
D:7:      layout_loops_ring, bloody_makhleb, temple_doors_ab, water_boxes_lemuel
D:8:      layout_basic, kennysheep_ying_yang, dpeg_oklobed_lair, uniq_maggie,
          uniq_prince_ribbit1
D:9:      nicolae_cairo_tiling, layout_loops_ring, minmay_crystal_room,
          chequers_serial_rivers_micro_e, grunt_decor_clamped, uniq_erolcha,
          uniq_psyche
D:10:     layout_long_grid, mainiacjoe_overflow_24_doors, hiddenorc1_lemuel,
          uniq_amaemon
D:11:     layout_loops_ring
Lair:1:   layout_regular_city, uniq_joseph
Lair:2:   layout_roguey, nicolae_swamp_entry_splash_gauntlet,
          serial_bayou_shore_a
Lair:3:   layout_regular_city, nicolae_spider_entry_orb_guardian,
          grunt_forest_large_clearing_hut, grunt_megastairs_5

Skill      XL: |  1  2  3  4  5  6  7  8  9 10 11 12 |
---------------+-------------------------------------+-----
Fighting       | 4 5 6 7 9 10 11 | 11.8
Axes           | 4 5 6 7 8 10 12 14 16 18 | 18.3
Dodging        | 3 4 5 |  5.5
Armour         | 3 4 5 7 8 10 11 12 | 12.5
Shields        | 1 2 |  2.4
Stealth        | 1 |  1.2
Evocations     | |  0.8

Action                     |  1- 3 |  4- 6 |  7- 9 | 10-12 || total
---------------------------+-------+-------+-------+-------++-------
  Melee: Hand axe          |    84 |    28 |       |       ||   112
         Headbutt          |    11 |    24 |    33 |    81 ||   149
         War axe           |       |    68 |    89 |       ||   157
         Battleaxe         |       |       |   110 |   412 ||   522
 Invoke: Berserk           |       |     1 |     2 |     6 ||     9
         Brothers in Arms  |       |       |       |     5 ||     5
  Evoke: Wand              |       |       |     2 |       ||     2
    Use: Scroll            |       |       |    18 |     5 ||    23
 Armour: Animal skin       |    12 |       |       |       ||    12
         Ring mail         |    13 |    31 |       |       ||    44
         Chain mail        |       |     3 |   123 |    41 ||   167
         Plate armour      |       |       |       |   200 ||   200
  Dodge: Dodged            |    46 |    53 |    99 |   191 ||   389
  Block: Buckler           |     3 |    11 |    16 |       ||    30
